[Event "Titled Tuesday Blitz March 28 Late 2023"]
[White "Vafin, Ayrat"]
[Black "Ozer, Omer Faruk"]
[WhiteFideId "4146530"]
[BlackFideId "6354564"]
[WhiteElo "2317"]
[BlackElo "2260"]
[Result "0-1"]
[Round "03"]
[TimeControl "180+2"]
[Date "2023.03.28"]
[WhiteClock "0:00:26"]
[BlackClock "0:02:10"]

1. Nf3 Nf6 2. g3 b6 3. Bg2 Bb7 4. c4 c5 5. d4 cxd4 6. Qxd4 Nc6 7. Qd1 Rc8 8. b3 d5 9. cxd5 Qxd5 10. Qxd5 Nxd5 11. Bb2 Ncb4 12. Na3 Nc2+ 13. Nxc2 Rxc2 14. Bd4 f6 15. Kd1 Rc8 16. Rc1 Rd8 17. Ke1 e5 18. Bb2 Bb4+ 19. Kf1 O-O 20. a3 Be7 21. Ke1 Rc8 22. Rxc8 Rxc8 23. Kd1 Nc3+ 24. Bxc3 Rxc3 25. Kd2 Rxb3 26. Bh3 Kf7 27. Rc1 Bc5 0-1


[Site "https://www.chess.com"]

[Event "Titled Tuesday Blitz March 28 Late 2023"]
[White "Gold_Ocean"]
[Black "Mekhane, Adam"]
[BlackFideId "36050601"]
[WhiteElo "2627"]
[BlackElo "2177"]
[Result "0-1"]
[Round "03"]
[TimeControl "180+2"]
[Date "2023.03.28"]
[WhiteClock "0:00:03"]
[BlackClock "0:00:08"]

1. Nf3 Nf6 2. b3 g6 3. Bb2 Bg7 4. c4 O-O 5. e3 d6 6. d4 Nbd7 7. Be2 b6 8. O-O Bb7 9. d5 e6 10. dxe6 fxe6 11. Nc3 Ne4 12. Rc1 Qe7 13. Nd4 Nxc3 14. Bxc3 a6 15. Bf3 Bxf3 16. Nxf3 e5 17. Qd5+ Kh8 18. Rcd1 Nf6 19. Qc6 Rac8 20. Rfe1 Qe8 21. Qxe8 Rfxe8 22. h3 Ne4 23. Bb2 a5 24. a3 Ra8 25. Kf1 Rf8 26. Ke2 h6 27. Rf1 Kg8 28. Nd2 Nxd2 29. Rxd2 Kf7 30. Kd3 Ke6 31. Ke4 Rf7 32. f3 h5 33. Rfd1 Bh6 34. Bc3 Bg5 35. Rd5 Bh6 36. Bb2 Bg5 37. g3 Bh6 38. f4 Bg7 39. R1d2 exf4 40. exf4 Bxb2 41. Rxb2 Re8 42. Kf3 Kf6 43. Rbd2 Rfe7 44. R5d3 Re1 45. g4 h4 46. g5+ Kg7 47. Kg4 Rg1+ 48. Kf3 Ree1 49. Kf2 Ref1+ 50. Ke2 Re1+ 51. Kf3 Kf7 52. f5 Ref1+ 53. Ke2 Rxf5 54. Re3 Rgxg5 55. Kd3 Rg3 56. Re2 Rff3 57. Rxf3+ Rxf3+ 58. Ke4 Rxb3 59. Rf2+ Ke7 60. Kd5 Rxa3 61. Kc6 Rc3 62. Rf4 b5 63. Re4+ Kd8 64. Kxb5 Rxh3 65. Kxa5 Kd7 66. Rg4 Rg3 67. Rxh4 g5 68. Rh7+ Kc6 69. Kb4 Rg4 70. Rh8 d5 71. Rh6+ Kb7 72. Kc5 dxc4 73. Rh3 Rf4 74. Rg3 g4 75. Kd5 c6+ 76. Kd6 Kb6 77. Rg1 Kb5 78. Rb1+ Ka4 79. Kc5 Ka3 80. Kxc6 c3 81. Kc5 c2 82. Rg1 Kb2 83. Rg2 Kb1 84. Kd5 c1=Q 85. Ke5 Rf1 86. Rxg4 Qe1+ 87. Kd4 Qd1+ 88. Kc3 Qxg4 89. Kb3 Rf3# 0-1


[Site "https://www.chess.com"]

[Event "Titled Tuesday Blitz March 28 Late 2023"]
[White "Rottenwohrer Suarez, Juan"]
[Black "Sai Krishna G V"]
[WhiteFideId "32068182"]
[BlackFideId "5028280"]
[WhiteElo "2174"]
[BlackElo "2359"]
[Result "0-1"]
[Round "03"]
[TimeControl "180+2"]
[Date "2023.03.28"]
[WhiteClock "0:00:40"]
[BlackClock "0:01:31"]

1. e4 c5 2. Nf3 d6 3. d4 cxd4 4. Nxd4 Nf6 5. Nc3 a6 6. Be3 e5 7. Nb3 Be7 8. Be2 O-O 9. O-O Be6 10. f4 Qc7 11. Kh1 Nbd7 12. f5 Bc4 13. g4 h6 14. g5 hxg5 15. Bxg5 d5 16. exd5 Nxd5 17. Nxd5 Bxd5+ 18. Qxd5 Bxg5 19. c4 Nf6 20. Qg2 Bh6 21. c5 e4 22. Rad1 Qe5 23. Bc4 Rad8 24. Rxd8 Rxd8 25. Qg6 Nd5 26. Qh5 e3 27. Rg1 Qe4+ 28. Rg2 Qxg2+ 0-1


[Site "https://www.chess.com"]

[Event "Titled Tuesday Blitz March 28 Late 2023"]
[White "Feng, Eric"]
[Black "Vedder, Richard"]
[WhiteFideId "30952590"]
[BlackFideId "1004166"]
[WhiteElo "1785"]
[BlackElo "2168"]
[Result "1-0"]
[Round "03"]
[TimeControl "180+2"]
[Date "2023.03.28"]
[WhiteClock "0:01:36"]
[BlackClock "0:01:04"]

1. d4 d5 2. c4 dxc4 3. Nf3 Nf6 4. e3 e6 5. Bxc4 c5 6. O-O Nc6 7. Nc3 cxd4 8. exd4 Be7 9. d5 exd5 10. Nxd5 Nxd5 11. Bxd5 O-O 12. Bf4 Bg4 13. h3 Bh5 14. Bxc6 bxc6 15. Qxd8 Rfxd8 16. Ne5 Rac8 17. Rac1 c5 18. Rfe1 Bf6 19. Nc4 Bd4 20. b3 Re8 21. Nd6 Rxe1+ 22. Rxe1 Rd8 23. Nf5 Bg6 24. Ne7+ Kf8 25. Nc6 Rd7 26. Bb8 a6 27. Ba7 f6 28. Bb8 Bd3 29. Bg3 Kf7 30. Nb8 Re7 31. Rd1 Be2 32. Rd2 Bb5 33. a4 Re1+ 34. Kh2 Bf1 35. Nc6 Re2 36. Rd1 Bxf2 37. Rxf1 Bxg3+ 38. Kxg3 Re6 39. Nd8+ 1-0


[Site "https://www.chess.com"]

[Event "Titled Tuesday Blitz March 28 Late 2023"]
[White "Bjelobrk, Igor"]
[Black "Silva, Pedro Gil Ferreira Da"]
[WhiteFideId "4300726"]
[BlackFideId "1946102"]
[WhiteElo "2335"]
[BlackElo "2255"]
[Result "0-1"]
[Round "03"]
[TimeControl "180+2"]
[Date "2023.03.28"]
[WhiteClock "0:00:01"]
[BlackClock "0:00:18"]

1. d4 Nf6 2. c4 e6 3. g3 Bb4+ 4. Bd2 c5 5. Bxb4 cxb4 6. Bg2 O-O 7. a3 bxa3 8. Nxa3 d6 9. Nf3 Nc6 10. O-O e5 11. Nb5 Bg4 12. h3 Bxf3 13. Bxf3 a6 14. dxe5 dxe5 15. Nd6 Qc7 16. c5 Rfd8 17. Rc1 e4 18. Bg2 Rd7 19. Qa4 Re7 20. Nxe4 Nxe4 21. Bxe4 Rae8 22. Bf3 Ne5 23. Bg2 Ng6 24. e3 h5 25. h4 Ne5 26. Rfd1 g6 27. c6 bxc6 28. Bxc6 Rd8 29. Rxd8+ Qxd8 30. Qxa6 Qd2 31. Qa1 Ng4 32. Rf1 Rxe3 33. Qa8+ Kg7 34. Bg2 Rb3 35. Qd5 Rxb2 36. Qxd2 Rxd2 37. Bh3 Ne5 38. Ra1 Nd3 39. Rf1 f5 40. Bg2 Kf6 41. Bf3 f4 42. Kg2 Kf5 43. Kg1 Ne5 44. Bg2 Kg4 45. Re1 Nd3 46. Rf1 fxg3 47. fxg3 Kxg3 48. Rf6 Rxg2+ 49. Kf1 Rf2+ 50. Rxf2 Nxf2 0-1


[Site "https://www.chess.com"]

[Event "Titled Tuesday Blitz March 28 Late 2023"]
[White "Ribeiro, Matheus Mendes Domingues"]
[Black "Spata, German"]
[WhiteFideId "324226923"]
[BlackFideId "113026"]
[WhiteElo "2168"]
[BlackElo "2238"]
[Result "1/2-1/2"]
[Round "03"]
[TimeControl "180+2"]
[Date "2023.03.28"]
[WhiteClock "0:00:32"]
[BlackClock "0:00:10"]

1. c4 e6 2. Nf3 d5 3. e3 Nf6 4. Nc3 Be7 5. b3 O-O 6. Bb2 b6 7. cxd5 Nxd5 8. Nxd5 Qxd5 9. Bc4 Qd8 10. O-O Ba6 11. Qe2 Bxc4 12. Qxc4 c5 13. Rfd1 Nd7 14. d4 Bf6 15. Rab1 cxd4 16. Nxd4 Rc8 17. Nc6 Qc7 18. Bxf6 Nxf6 19. Rbc1 h6 20. Nb4 Qxc4 21. Rxc4 Rxc4 22. bxc4 Rc8 23. Rc1 Ne4 24. Na6 Nc5 25. Nxc5 Rxc5 26. a4 a6 27. g3 b5 28. axb5 axb5 29. Kf1 bxc4 30. Ke2 Kf8 31. Kd2 Rd5+ 32. Ke2 Rc5 33. Kd2 Ke7 34. Kc3 Rc8 35. Rd1 e5 36. e4 Rb8 37. Rd2 Rc8 38. Rb2 Rd8 39. Rb7+ Kf6 40. f4 exf4 41. gxf4 Rd3+ 42. Kxc4 Rd2 43. Rb6+ Ke7 44. Rb7+ Ke8 45. Rb8+ Ke7 46. Rb7+ Ke6 47. Rb6+ Ke7 48. Rb7+ 1/2-1/2


[Site "https://www.chess.com"]

[Event "Titled Tuesday Blitz March 28 Late 2023"]
[White "Goroshkov, Maksym"]
[Black "Dmitrenko, Viktor"]
[WhiteFideId "14142716"]
[BlackFideId "14110270"]
[WhiteElo "2322"]
[BlackElo "2292"]
[Result "1-0"]
[Round "03"]
[TimeControl "180+2"]
[Date "2023.03.28"]
[WhiteClock "0:00:43"]
[BlackClock "0:00:07"]

1. e4 e6 2. d4 d5 3. exd5 exd5 4. c4 Nf6 5. Nc3 Be7 6. Nf3 Bg4 7. cxd5 O-O 8. Be2 Nxd5 9. O-O c6 10. h3 Be6 11. Ne5 Nd7 12. f4 N7f6 13. f5 Bc8 14. Bc4 Qa5 15. Bd2 Qb6 16. Bg5 h6 17. Nxd5 cxd5 18. Bxd5 Nxd5 19. Bxe7 Nxe7 20. f6 Ng6 21. fxg7 Kxg7 22. Nxg6 Qxg6 23. Rf3 Kh7 24. Qb3 b6 25. Raf1 Be6 26. d5 Bd7 27. Rf6 Qg7 28. Qd3+ Kh8 29. Qe3 Kh7 30. Qe4+ Kh8 31. Qe5 Rae8 32. Qd6 Bc8 33. Rxh6+ Kg8 34. Rhf6 Kh7 35. R6f4 f5 36. Rh4+ Kg8 37. Rh6 1-0


[Site "https://www.chess.com"]

[Event "Titled Tuesday Blitz March 28 Late 2023"]
[White "Karas, Marek"]
[Black "Danielyan, Vahe"]
[WhiteFideId "14928558"]
[BlackFideId "13304828"]
[WhiteElo "2233"]
[BlackElo "2423"]
[Result "1-0"]
[Round "03"]
[TimeControl "180+2"]
[Date "2023.03.28"]
[WhiteClock "0:00:02"]
[BlackClock "0:00:05"]

1. d4 d5 2. Bf4 Nf6 3. e3 a6 4. c4 e6 5. cxd5 exd5 6. Nc3 Bb4 7. Bd3 O-O 8. Nf3 Bg4 9. h3 Bh5 10. O-O Nbd7 11. Rc1 c6 12. Be2 Re8 13. Ne5 Bxe2 14. Qxe2 Nxe5 15. Bxe5 Nd7 16. Bg3 Be7 17. Qf3 Bf6 18. Rfd1 Qb6 19. Rb1 Re6 20. b4 Rae8 21. Na4 Qb5 22. Nc5 Nxc5 23. bxc5 Qa4 24. Rxb7 Qxa2 25. Rdb1 h6 26. Rb8 a5 27. R8b2 Qc4 28. Qd1 Ra8 29. Rc1 Qa6 30. Rb6 Qc8 31. Qa4 Bd8 32. Rb3 Bc7 33. Bxc7 Qxc7 34. Rcb1 Qd8 35. Rb6 Qe8 36. Qb3 a4 37. Qb4 Kh7 38. Rb8 Rxb8 39. Qxb8 a3 40. Qb3 f5 41. Qxa3 Qg6 42. Qd3 Re4 43. Kh2 h5 44. f3 Re6 45. Re1 h4 46. Qe2 f4 47. Qf2 Qg3+ 48. Kg1 Qg5 49. exf4 Rxe1+ 50. Qxe1 Qxf4 51. Qe5 Qd2 52. Qh5+ Kg8 53. Qe8+ Kh7 54. Qh5+ Kg8 55. Qxh4 Qe3+ 56. Kh2 g5 57. Qg4 Kf7 58. Qd7+ Kg8 59. Qd8+ Kf7 60. Qd7+ Kg8 61. Qxc6 Qf4+ 62. Kg1 Qxd4+ 63. Kf1 Qd3+ 64. Kf2 Qd4+ 65. Kf1 Qc4+ 66. Ke1 d4 67. Qc8+ Kf7 68. Qd7+ Kf6 69. Qd6+ Kf5 70. g4# 1-0


[Site "https://www.chess.com"]

[Event "Titled Tuesday Blitz March 28 Late 2023"]
[White "Mihajlov, Sebastian"]
[Black "Zavortink, Matt"]
[WhiteFideId "1512110"]
[BlackFideId "2034263"]
[WhiteElo "2464"]
[BlackElo "2402"]
[Result "1-0"]
[Round "03"]
[TimeControl "180+2"]
[Date "2023.03.28"]
[WhiteClock "0:00:10"]
[BlackClock "0:00:05"]

1. d4 Nf6 2. Nf3 g6 3. c4 Bg7 4. Nc3 d6 5. e4 O-O 6. h3 e5 7. d5 a5 8. Be3 Na6 9. g4 Nd7 10. Nd2 Ndc5 11. a3 Bd7 12. h4 f5 13. gxf5 gxf5 14. h5 Kh8 15. h6 Bf6 16. Qc2 f4 17. Bxc5 Nxc5 18. O-O-O a4 19. Kb1 Qe7 20. Bh3 Rg8 21. Nf3 Bxh3 22. Rxh3 Rg2 23. Ne1 Qd7 24. Rh1 Rg6 25. Nd3 Nb3 26. Rdg1 Nd4 27. Qd1 Rag8 28. Rxg6 Rxg6 29. Nxa4 b5 30. cxb5 Qxb5 31. Nc3 Qc4 32. Nb4 f3 33. Qa4 Rg8 34. Qc6 Qxc6 35. dxc6 Rg2 36. Nbd5 Bd8 37. a4 Nxc6 38. Nd1 Nd4 39. a5 c6 40. a6 Nb5 41. Nb4 c5 42. Nc6 Bb6 43. Rh3 Rg1 44. Kc2 Nd4+ 45. Nxd4 cxd4 46. Rxf3 Kg8 47. Rb3 Bc5 48. Rb8+ Kf7 49. Rb7+ Kf6 50. a7 Rg8 51. Rb8 1-0


[Site "https://www.chess.com"]

[Event "Titled Tuesday Blitz March 28 Late 2023"]
[White "Sourath Biswas"]
[Black "Bouget, Alexandre"]
[WhiteFideId "35091484"]
[BlackFideId "681318"]
[WhiteElo "2164"]
[BlackElo "2177"]
[Result "1-0"]
[Round "03"]
[TimeControl "180+2"]
[Date "2023.03.28"]
[WhiteClock "0:00:20"]
[BlackClock "0:00:01"]

1. d4 c6 2. Nf3 Na6 3. e4 g6 4. Nc3 Bg7 5. Bf4 Nc7 6. Qd2 d5 7. e5 Bg4 8. Be2 Ne6 9. Be3 h5 10. h3 Bxf3 11. Bxf3 Nh6 12. g4 Qb6 13. O-O-O O-O-O 14. Rdg1 Kb8 15. Ne2 h4 16. Nf4 Nc7 17. Be2 e6 18. Nd3 Na6 19. f4 Rc8 20. Rf1 Bf8 21. Rhg1 c5 22. dxc5 Nxc5 23. f5 gxf5 24. g5 Ng8 25. g6 fxg6 26. Rxg6 d4 27. Bxd4 Nb3+ 28. axb3 Qxd4 29. Rxe6 Bh6 30. Nf4 Bxf4 31. Qxf4 Qd5 32. Bc4 Qg2 33. Qxf5 Nh6 34. Qf3 Qg5+ 35. Kb1 Rhf8 36. Qxf8 Rxf8 37. Rxf8+ Kc7 38. Rff6 Qg1+ 39. Ka2 Qc1 40. Rxh6 1-0


[Site "https://www.chess.com"]

[Event "Titled Tuesday Blitz March 28 Late 2023"]
[White "ArtemDyachuk"]
[Black "Lewicki, Miroslaw"]
[BlackFideId "1113380"]
[WhiteElo "2382"]
[BlackElo "2212"]
[Result "0-1"]
[Round "03"]
[TimeControl "180+2"]
[Date "2023.03.28"]
[WhiteClock "0:00:02"]
[BlackClock "0:00:31"]

1. Nf3 b6 2. e4 Bb7 3. Nc3 g6 4. d4 Bg7 5. Bc4 e6 6. e5 Ne7 7. Bg5 d5 8. Bb5+ c6 9. Ba4 O-O 10. Ne2 h6 11. Bh4 g5 12. Bg3 Nf5 13. c3 g4 14. Nd2 c5 15. Bc2 Qg5 16. Bf4 Qg6 17. Ng3 cxd4 18. Nxf5 exf5 19. cxd4 Nc6 20. Nf1 Rae8 21. Ng3 Bc8 22. O-O f6 23. e6 Bxe6 24. Bd6 h5 25. Ba4 Bd7 26. Bxf8 Rxf8 27. Qb3 Qf7 28. Ne2 Na5 29. Qd1 Nc4 30. Bxd7 Qxd7 31. Qb3 Nd2 32. Qd3 Nxf1 33. Rxf1 Rc8 34. Nf4 h4 35. g3 hxg3 36. hxg3 Bh6 37. Ng2 Qe6 38. Nh4 Qe4 39. Qxe4 fxe4 40. Nf5 Bf8 41. Ne3 Kf7 42. Rd1 Ke6 43. Nxg4 Rc2 44. b3 Rxa2 45. Ne3 Bh6 46. Ng2 Bd2 47. Nh4 a5 48. Ng6 b5 49. Nf8+ Kd6 50. Nh7 f5 51. Nf6 a4 52. Ne8+ Kd7 53. Nf6+ Ke6 54. Ne8 axb3 55. Nc7+ Kd7 56. Nxd5 b2 0-1


[Site "https://www.chess.com"]

[Event "Titled Tuesday Blitz March 28 Late 2023"]
[White "Guzman Moneo, Alberto"]
[Black "Wadsworth, Matthew J"]
[WhiteFideId "2209616"]
[BlackFideId "415804"]
[WhiteElo "2157"]
[BlackElo "2330"]
[Result "0-1"]
[Round "03"]
[TimeControl "180+2"]
[Date "2023.03.28"]
[WhiteClock "0:00:42"]
[BlackClock "0:01:32"]

1. Nf3 Nc6 2. d4 d5 3. Bf4 Bf5 4. e3 Nb4 5. Na3 e6 6. c3 Nc6 7. Bb5 Bxa3 8. bxa3 Ne7 9. Ne5 O-O 10. Nxc6 Nxc6 11. Bxc6 bxc6 12. O-O c5 13. dxc5 c6 14. Qa4 Qd7 15. Rfd1 a5 16. c4 Rfc8 17. cxd5 exd5 18. Rd4 Qe6 19. Bd6 Qg6 20. Rad1 Bc2 21. h4 h5 22. e4 Bxa4 23. Rxa4 dxe4 24. Rad4 Re8 25. Bf4 Qf5 26. g3 Qxc5 27. Rd7 Qxa3 28. Rc7 Qxa2 29. Rdd7 a4 30. Rxc6 a3 31. Rcc7 Qe6 32. Rd6 Qxd6 33. Bxd6 a2 0-1


[Site "https://www.chess.com"]

[Event "Titled Tuesday Blitz March 28 Late 2023"]
[White "Fan_Of_Chucky"]
[Black "Taboas Rodriguez, Daniel"]
[BlackFideId "2208466"]
[WhiteElo "2365"]
[BlackElo "2365"]
[Result "0-1"]
[Round "03"]
[TimeControl "180+2"]
[Date "2023.03.28"]
[WhiteClock "0:00:13"]
[BlackClock "0:01:15"]

1. d4 Nf6 2. c4 g6 3. Nc3 Bg7 4. e4 d6 5. h3 O-O 6. Be3 Nc6 7. d5 Ne5 8. f4 Ned7 9. g4 e6 10. Bg2 exd5 11. cxd5 Re8 12. Nge2 b5 13. Nd4 Nc5 14. Nc6 Qd7 15. e5 Bb7 16. exf6 Rxe3+ 17. Kf2 Rxc3 18. bxc3 Bxf6 19. Qd2 Bxc6 20. dxc6 Qe6 21. Bd5 Ne4+ 22. Bxe4 Qxe4 23. Rab1 Qxc6 24. Qd3 a6 25. Rbc1 Re8 26. Rhe1 Bh4+ 27. Kf1 Bxe1 28. Rxe1 Qh1+ 0-1


[Site "https://www.chess.com"]

[Event "Titled Tuesday Blitz March 28 Late 2023"]
[White "Xie, Bryan"]
[Black "Atanasov, Anthony"]
[WhiteFideId "30941296"]
[BlackFideId "2623897"]
[WhiteElo "2033"]
[BlackElo "2206"]
[Result "1-0"]
[Round "03"]
[TimeControl "180+2"]
[Date "2023.03.28"]
[WhiteClock "0:00:33"]
[BlackClock "0:00:01"]

1. e4 e5 2. Nf3 Nf6 3. Nxe5 d6 4. Nf3 Nxe4 5. d3 Nf6 6. d4 g6 7. Bd3 Bg7 8. O-O O-O 9. c3 c6 10. h3 h6 11. Bf4 d5 12. Nbd2 Nh5 13. Bh2 f5 14. Re1 Nd7 15. Qe2 Ndf6 16. Ne5 Kh7 17. g4 fxg4 18. hxg4 Nxg4 19. Bxg6+ Kg8 20. Nxg4 Nf4 21. Bxf4 Rxf4 22. Qe8+ Qxe8 23. Rxe8+ Bf8 24. Ne5 Kg7 25. Bh5 b6 26. Nxc6 Rf5 27. Be2 Rg5+ 28. Kh1 Bd6 29. Rg1 Kf7 30. Rxg5 hxg5 31. Bh5+ Kf6 32. Nxa7 Rxa7 33. Rxc8 Rxa2 34. Rc6 1-0


[Site "https://www.chess.com"]

[Event "Titled Tuesday Blitz March 28 Late 2023"]
[White "Olenik Campa, Rudi"]
[Black "Todev, Simeon"]
[WhiteFideId "14633264"]
[BlackFideId "2925133"]
[WhiteElo "2249"]
[BlackElo "1938"]
[Result "1-0"]
[Round "03"]
[TimeControl "180+2"]
[Date "2023.03.28"]
[WhiteClock "0:01:32"]
[BlackClock "0:01:06"]

1. e4 c5 2. Nf3 Nc6 3. Bb5 d6 4. O-O Nf6 5. Re1 e5 6. c3 Be7 7. d4 cxd4 8. cxd4 exd4 9. Nxd4 Bd7 10. Nc3 O-O 11. Bf1 a6 12. Nxc6 Bxc6 13. Bf4 d5 14. e5 Ne4 15. Bd3 Nxc3 16. bxc3 Bc5 17. Qh5 g6 18. Qh6 f6 19. e6 d4 20. Bxg6 hxg6 21. Qxg6+ Kh8 22. Re5 f5 23. Rxc5 Qf6 24. Be5 1-0


[Site "https://www.chess.com"]

[Event "Titled Tuesday Blitz March 28 Late 2023"]
[White "Van Foreest, Machteld"]
[Black "Fiorito, Francisco"]
[WhiteFideId "1051563"]
[BlackFideId "180165"]
[WhiteElo "2018"]
[BlackElo "2341"]
[Result "0-1"]
[Round "03"]
[TimeControl "180+2"]
[Date "2023.03.28"]
[WhiteClock "0:00:03"]
[BlackClock "0:01:24"]

1. e4 c5 2. Nf3 Nc6 3. d4 cxd4 4. Nxd4 g6 5. c4 Nf6 6. Nc3 d6 7. Be3 Ng4 8. Bg5 Qb6 9. Be3 Nxe3 10. fxe3 Bg7 11. Nd5 Qd8 12. Be2 e6 13. Nc3 O-O 14. O-O Qg5 15. Rf3 Rd8 16. Rg3 Qc5 17. Nxc6 bxc6 18. Qd2 Ba6 19. Na4 Qe5 20. Bd3 Rab8 21. Rf3 c5 22. Raf1 Rd7 23. b3 Bb7 24. Qc2 f5 25. exf5 exf5 26. R3f2 Qxe3 27. Nc3 Bd4 28. Nd5 Bxd5 29. cxd5 Qe5 30. Kh1 Bxf2 31. Qxf2 Re8 32. Bb5 Rde7 33. Bxe8 Rxe8 34. h3 Qxd5 35. Qc2 Qe4 36. Qc3 Qe5 37. Qc4+ Kg7 38. Rd1 Re7 39. Rd5 Qf6 40. Qd3 Qg5 41. Qd1 Qg3 42. Qa1+ Kh6 43. Qc1+ f4 44. Rd1 Re2 45. Rg1 g5 46. Qc4 f3 47. Qf7 fxg2+ 48. Rxg2 Qxg2# 0-1


[Site "https://www.chess.com"]

[Event "Titled Tuesday Blitz March 28 Late 2023"]
[White "krucki03"]
[Black "Horobetz, Graham"]
[BlackFideId "2047322"]
[WhiteElo "2331"]
[BlackElo "2591"]
[Result "1-0"]
[Round "03"]
[TimeControl "180+2"]
[Date "2023.03.28"]
[WhiteClock "0:01:17"]
[BlackClock "0:00:51"]

1. d4 Nf6 2. c4 d6 3. g3 g6 4. Bg2 Bg7 5. e3 O-O 6. Ne2 Nc6 7. O-O e5 8. dxe5 dxe5 9. Nbc3 Be6 10. b3 Qxd1 11. Rxd1 Rfd8 12. Bb2 Rxd1+ 13. Rxd1 Nd7 14. Nb5 Rc8 15. Bxc6 bxc6 16. Nxa7 Ra8 17. Nxc6 Rxa2 18. Rd2 e4 19. Ne7+ 1-0


[Site "https://www.chess.com"]

[Event "Titled Tuesday Blitz March 28 Late 2023"]
[White "Lenaerts, Lennert"]
[Black "Castella Garcia, Fausto"]
[WhiteFideId "211435"]
[BlackFideId "3501922"]
[WhiteElo "2334"]
[BlackElo "2245"]
[Result "0-1"]
[Round "03"]
[TimeControl "180+2"]
[Date "2023.03.28"]
[WhiteClock "0:01:21"]
[BlackClock "0:00:51"]

1. d4 Nf6 2. c4 e5 3. dxe5 Ng4 4. Bf4 g5 5. Bd2 Bg7 6. Nf3 Nxe5 7. Nxe5 Bxe5 8. Bc3 Nc6 9. e3 d6 10. Be2 Be6 11. Bxe5 dxe5 12. Nd2 Qe7 13. Qa4 O-O-O 14. O-O-O Qb4 15. Qxb4 Nxb4 16. a3 Nd3+ 17. Bxd3 Rxd3 18. Nf3 Rxd1+ 19. Rxd1 f6 20. b3 a5 21. a4 Rd8 22. Rxd8+ Kxd8 23. Kd2 Kd7 24. Kc3 Kd6 25. h4 g4 26. Nd2 f5 27. Nf1 f4 28. g3 fxe3 29. Nxe3 h5 30. Nf1 Bd7 31. Nd2 Bc6 32. Kd3 Kc5 33. Kc3 Bg2 34. Nb1 c6 35. Na3 Be4 36. Nc2 Bxc2 37. Kxc2 Kd4 38. Kd2 Ke4 39. Ke2 b6 0-1


[Site "https://www.chess.com"]

[Event "Titled Tuesday Blitz March 28 Late 2023"]
[White "Drori, Saar"]
[Black "Onslow, Alfie"]
[WhiteFideId "2812444"]
[BlackFideId "436976"]
[WhiteElo "2322"]
[BlackElo "2114"]
[Result "1-0"]
[Round "03"]
[TimeControl "180+2"]
[Date "2023.03.28"]
[WhiteClock "0:00:14"]
[BlackClock "0:00:04"]

1. e4 g6 2. d4 Bg7 3. Nc3 c6 4. f4 d5 5. e5 h5 6. Nf3 Nh6 7. Bd3 Bf5 8. O-O e6 9. Ne2 Nd7 10. c3 h4 11. Ng5 Bf8 12. h3 Be7 13. Nf3 Qb6 14. Be3 a5 15. Rb1 Kf8 16. Bf2 Bxd3 17. Qxd3 Nf5 18. b3 Qa6 19. c4 Kg7 20. Rfc1 b5 21. cxd5 cxd5 22. Rc7 Rhd8 23. Rbc1 Nb6 24. R1c6 Rac8 25. a4 Rxc7 26. Rxc7 Rc8 27. axb5 Qa8 28. Qc3 Bd8 29. Rxc8 Qxc8 30. Qxc8 Nxc8 31. Nc3 Be7 32. Na4 Kf8 33. b6 Nxb6 34. Nxb6 Ke8 35. Be1 Kd8 36. Bxa5 Kc7 37. Nxd5+ Kc6 38. Nxe7+ 1-0


[Site "https://www.chess.com"]

[Event "Titled Tuesday Blitz March 28 Late 2023"]
[White "Jimenez, Joaquin"]
[Black "Koellner, Ruben Gideon"]
[WhiteFideId "109860"]
[BlackFideId "12993093"]
[WhiteElo "2163"]
[BlackElo "2303"]
[Result "0-1"]
[Round "03"]
[TimeControl "180+2"]
[Date "2023.03.28"]
[WhiteClock "0:00:58"]
[BlackClock "0:01:40"]

1. d4 d6 2. c4 e5 3. Nf3 e4 4. Ng5 f5 5. Nc3 Be7 6. h4 Nf6 7. e3 O-O 8. Qb3 c5 9. dxc5 dxc5 10. Bd2 h6 11. Nh3 Nc6 12. Nf4 Ne5 13. O-O-O Qb6 14. Ncd5 Qxb3 15. Nxe7+ Kf7 16. axb3 Kxe7 17. Bc3 Neg4 18. Ng6+ Kf7 19. Nxf8 Nxf2 20. Bxf6 gxf6 21. Be2 Kxf8 22. Rd8+ Ke7 23. Rhd1 Nxd1 24. Rxd1 Be6 25. Kd2 Rg8 26. Bf1 Rg3 27. Ke2 f4 28. exf4 Rxb3 29. Rc1 Rxb2+ 30. Ke3 f5 31. Be2 Rb3+ 32. Kf2 a6 33. Rg1 b5 34. Ra1 Bxc4 35. Bxc4 bxc4 36. Rxa6 c3 37. Ke3 Rb2 38. Ra3 Rxg2 39. Rxc3 Rg3+ 40. Kd2 Rxc3 41. Kxc3 Kd6 0-1


[Site "https://www.chess.com"]

[Event "Titled Tuesday Blitz March 28 Late 2023"]
[White "Rastbod, Ali"]
[Black "Skibbe, Willi"]
[WhiteFideId "12567477"]
[BlackFideId "4682190"]
[WhiteElo "2211"]
[BlackElo "2319"]
[Result "1-0"]
[Round "03"]
[TimeControl "180+2"]
[Date "2023.03.28"]
[WhiteClock "0:00:33"]
[BlackClock "0:00:09"]

1. e4 e6 2. d4 d5 3. Bd3 c5 4. exd5 Qxd5 5. Nc3 Qxd4 6. Nf3 Qd8 7. Bf4 a6 8. Qe2 Nf6 9. O-O-O Qa5 10. Ne5 Nbd7 11. Nc4 Qd8 12. Nd6+ Bxd6 13. Bxd6 b5 14. Bxb5 axb5 15. Nxb5 Qa5 16. Nc7+ Kd8 17. Nxa8 Qxa8 18. Kb1 Bb7 19. f3 Nd5 20. c4 Nb4 21. a3 Na6 22. Qd2 Bc6 23. Qg5+ f6 24. Qxg7 Re8 25. Rhe1 Kc8 26. Qf7 Kb7 27. Bg3 Qc8 28. Rxe6 Rxe6 29. Qxe6 Nc7 30. Qd6 Ne8 31. Qd3 h5 32. Qb3+ Ka7 33. Qc3 Ka6 34. Be1 Qc7 35. Ka2 Qxh2 36. Qa5+ Kb7 37. Rd3 Nc7 38. Qd2 Ne5 39. Rb3+ Kc8 40. Qd6 Qxg2 41. Ba5 Ne8 42. Qd8# 1-0


[Site "https://www.chess.com"]

[Event "Titled Tuesday Blitz March 28 Late 2023"]
[White "Sivakumar, Shaaketh"]
[Black "Smith, Garrett L"]
[WhiteFideId "30940176"]
[BlackFideId "2024829"]
[WhiteElo "2174"]
[BlackElo "2312"]
[Result "0-1"]
[Round "03"]
[TimeControl "180+2"]
[Date "2023.03.28"]
[WhiteClock "0:01:21"]
[BlackClock "0:00:26"]

1. e4 c5 2. Nf3 Nc6 3. g3 e5 4. Bg2 Nf6 5. Nc3 Be7 6. O-O d6 7. d3 h6 8. Ne1 O-O 9. f4 Bg4 10. Qd2 Nd4 11. h3 Bd7 12. f5 b5 13. g4 b4 14. Ne2 Bc6 15. c4 bxc3 16. bxc3 Nxe2+ 17. Qxe2 d5 18. exd5 Nxd5 19. c4 Nc3 20. Qxe5 Bf6 21. Qh2 Ne2+ 22. Kh1 Bxg2+ 23. Qxg2 Bxa1 24. Qxe2 Re8 25. Qg2 Rb8 26. g5 hxg5 27. Bxg5 Qc7 28. Bf4 Be5 29. f6 g6 30. Bg5 Rb1 31. Nf3 Reb8 32. Nxe5 Qxe5 33. Bf4 Qf5 34. Qg1 Qxh3+ 0-1


[Site "https://www.chess.com"]

[Event "Titled Tuesday Blitz March 28 Late 2023"]
[White "K2JW"]
[Black "Janaszak, Dawid"]
[BlackFideId "1119206"]
[WhiteElo "2311"]
[BlackElo "2220"]
[Result "1-0"]
[Round "03"]
[TimeControl "180+2"]
[Date "2023.03.28"]
[WhiteClock "0:00:05"]
[BlackClock "0:00:25"]

1. d4 Nf6 2. c4 e6 3. Nf3 Bb4+ 4. Bd2 Bxd2+ 5. Qxd2 d5 6. Nc3 O-O 7. e3 Qe7 8. Bd3 dxc4 9. Bxc4 c5 10. O-O Nc6 11. e4 cxd4 12. Nxd4 Qc5 13. Nxc6 Qxc6 14. Bb5 Qb6 15. e5 Nd5 16. Bd3 Bd7 17. Ne4 Bc6 18. Qg5 h6 19. Qg4 Kh8 20. Nd6 Qxb2 21. Qh5 Nf4 22. Nxf7+ Rxf7 23. Qxf7 Nxd3 24. Rad1 Nxe5 25. Qxe6 Re8 26. Qf5 Nc4 27. Rde1 Rg8 28. Qh3 Qf6 29. Re6 Qg5 30. f4 Qc5+ 31. Kh1 Kh7 32. f5 Bd5 33. Rg6 Bf7 34. Rg3 Ne5 35. f6 Qc4 36. Rg1 Be6 37. Qh5 g6 38. Qxe5 Re8 39. Qf4 Bf7 40. Qxc4 Bxc4 41. Rc3 b5 42. a4 a6 43. axb5 axb5 44. Ra1 g5 45. h3 Kg6 46. Kh2 Kxf6 47. Rf3+ Ke5 48. Re1+ Kd4 49. Rxe8 b4 50. Rd8+ 1-0


[Site "https://www.chess.com"]